 Dungeon Crawl Stone Soup version 0.29.1-12-g30fa7ad0bf (webtiles) character file.

Game seed: 14145437754029943005

21 Jaijje the Trooper (level 2, -1/25 HPs)
             Began as a Demonspawn Abyssal Knight on Jan 6, 2023.
             Was a Believer of Lugonu.
             Frozen to death by an endoplasm (4 damage)
             ... on level 2 of the Dungeon.
             The game lasted 00:01:25 (1205 turns).

Jaijje the Trooper (Demonspawn Abyssal Knight)      Turns: 1205, Time: 00:01:25

Health: -1/25      AC:  3    Str: 13    XL:     2   Next: 62%
Magic:  3/3        EV: 11    Int: 11    God:    Lugonu [**....]
Gold:   74         SH:  0    Dex: 13    Spells: 1/1 levels left

rFire   . . .      SeeInvis .   a - +1 mace
rCold   . . .      Faith    .   (no shield)
rNeg    . . .      Spirit   .   b - +0 leather armour
rPois   .          Reflect  .   (no helmet)
rElec   .          Harm     .   (no cloak)
rCorr   .          Rampage  .   (no gloves)
Will    .....                   (no boots)
Stlth   +.........              (no amulet)
HPRegen 0.08/turn               (no ring)
MPRegen 0.16/turn               (no ring)

@: lethally poisoned (-1 -> -2), invisible
A: magic regeneration
a: Renounce Religion, Depart the Abyss, Bend Space


You were on level 2 of the Dungeon.
You worshipped Lugonu.
Lugonu was pleased with you.
You visited 1 branch of the dungeon, and saw 2 of its levels.
You visited the Abyss 1 time.

You collected 74 gold pieces.

Inventory:

Hand Weapons
 a - a +1 mace (weapon)
Armour
 b - a +0 leather armour (worn)
Scrolls
 c - a scroll of identify {unknown}
 e - a scroll of immolation {unknown}


   Skills:
 + Level 3.6 Fighting
 + Level 1.8 Maces & Flails
 + Level 2.1 Armour
 + Level 0.8 Dodging
 + Level 2.4 Invocations


You had one spell level left.
You didn't know any spells.
Your spell library was empty.

Dungeon Overview and Level Annotations

Branches:
Dungeon (1/15)

Altars:


Innate Abilities, Weirdness & Mutations

You regenerate magic rapidly.


Message History

The ball python hisses angrily.
You hit the endoplasm.
The endoplasm is severely wounded.
The endoplasm hits you but does no damage.
The rat closely misses you.
You hit the endoplasm but do no damage.
The endoplasm is heavily wounded.
The endoplasm freezes you.
You are frozen.
The rat bites you but does no damage. The adder closely misses you.
The endoplasm freezes you.
You are frozen.
The rat barely misses you. Space bends violently around you!
You blink.
Okay, then.
Okay, then.
You barely miss the adder.
The adder bites you but does no damage. x2
You hit the adder.
The adder is moderately wounded.
The adder bites you.
You are poisoned.
The adder poisons you!
The rat twitches its whiskers.
You are too injured to fight recklessly!
You are too injured to fight recklessly!
You are too injured to fight recklessly!
It was a potion of invisibility.
You fade into invisibility!
You feel sick. The adder bites you. The rat bites you but does no damage.
The adder barely misses you.
You strike the helpless adder from behind!
You hit the adder.
The adder is heavily wounded.
* * * LOW HITPOINT WARNING * * *
You feel sick.
The rat misses you. x2; The adder misses you.
You feel sick. The adder barely misses you.
You feel sick.
The endoplasm hits you but does no damage.
You feel sick. The endoplasm freezes you.
You die...

###########
#.(.......#
#SS@......# .
#.J.......# ..
#.K.......# ...#
#r........# ....(
#.........#
#....##.........#
#...K...........#
.......#.........#
##......###[######


You could see an adder (unable to see you), an endoplasm, a ball python (unable
to see you), a kobold (unable to see you) and a rat (unable to see you).

Vanquished Creatures
  2 ball pythons (D:1)
  3 bats (D:1)
  2 endoplasms (D:1)
  3 goblins (D:1)
  A hobgoblin (D:1)
  2 kobolds (D:1)
  A frilled lizard (D:1)
  5 rats (D:1)
19 creatures vanquished.

Notes
Turn   | Place    | Note
-------+----------+-------------------------------------------
     0 | Abyss:1  | Jaijje the Demonspawn Abyssal Knight began the quest for
                  | the Orb.
     0 | Abyss:1  | Reached XP level 1. HP: 18/18 MP: 2/2
    45 | Abyss:1  | Noticed a death knight
    46 | Abyss:1  | Noticed a starcursed mass
    49 | D:1      | Escaped the Abyss
   346 | D:1      | Reached ** piety under Lugonu
   420 | D:1      | Gained mutation: You regenerate magic rapidly. [demonic
                  | ancestry]
   420 | D:1      | Reached XP level 2. HP: 24/24 MP: 3/3
  1183 | D:1      | You fall into a shaft and drop 1 floor!
  1191 | D:2      | Found a faded altar of an unknown god.
  1205 | D:2      | Frozen to death by an endoplasm

Illustrated notes

Levels and vault maps discovered:
D:1:      tarquinn_simple_flora_water_c, layout_basic, minmay_tetromino_s4
D:2:      layout_rooms, ebering_ecumenical_altar_rust

Skill      XL: |  1  2 |
---------------+-------+-----
Armour         | 2 |  2.1
Fighting       | |  3.6
Maces & Flails | |  1.8
Dodging        | |  0.8
Invocations    | |  2.4

Action                   || total
-------------------------++-------
Melee: Mace              ||    48
       Punch             ||     1
Invok: Depart the Abyss  ||     1
       Bend Space        ||     1
  Use: Potion            ||     1
 Stab: Invisible         ||     1
Armor: Leather armour    ||    23
Dodge: Dodged            ||    39
